 Dungeon Crawl Stone Soup version 0.31-a0-986-g5e6e4ef867 (webtiles) character file.

Game seed: 15414434718123037887

6259 DocClef the Grappler (level 10, -6/104 HPs)
             Began as a Troll Shapeshifter on Nov 9, 2023.
             Was a High Priest of Okawaru.
             Killed from afar by an acid dragon (20 damage)
             ... with a splash of acid
             ... on level 10 of the Dungeon.
             The game lasted 00:16:43 (7541 turns).

DocClef the Grappler (Troll Shapeshifter)           Turns: 7541, Time: 00:16:44

Health: -6/104     AC:  8    Str: 34    XL:     10   Next: 62%
Magic:  9/9        EV: 24    Int:  6    God:    Okawaru [*****.]
Gold:   2705       SH:  0    Dex:  9    Spells: 9/9 levels left

rFire   + . .        J - +3 Elemental Staff {ele, rElec rF+ rC+ AC+3}
rCold   + . .        (no shield)
rNeg    . . .        a - +1 animal skin
rPois   .            (helmet currently unavailable)
rElec   +            (cloak currently unavailable)
rCorr   .            (gloves unavailable)
SInv    .            (boots unavailable)
Will    +....        t - amulet of the acrobat
Stlth   +            z - ring of willpower
HPRegen 1.17/turn    E - +6 ring of strength
MPRegen 0.11/turn

%: acrobat
@: beast-form, acrobatic
A: beast (slay +4), large, unfitting armour, claws 3, regeneration 1, shaggy fur
1, tough skin 1
a: Begin Untransformation, Renounce Religion, Heroism, Finesse, Duel


You were on level 10 of the Dungeon.
You worshipped Okawaru.
Okawaru was extremely pleased with you.
You were a hulking beast.
You visited 2 branches of the dungeon, and saw 11 of its levels.
You also visited: Bailey.

You collected 2896 gold pieces.
You spent 191 gold pieces at shops.

Inventory:

Hand Weapons
 J - the +3 Elemental Staff (weapon) {ele, rElec rF+ rC+ AC+3}
   (You acquired it on level 10 of the Dungeon)

   AC+3:      It affects your AC (+3).
   rF+:       It protects you from fire.
   rC+:       It protects you from cold.
   rElec:     It insulates you from electricity.
Missiles
 y - 2 throwing nets
Armour
 a - a +1 animal skin (worn)
Jewellery
 l - a ring of positive energy
 m - a ring of see invisible
 q - a ring of wizardry
 t - an amulet of the acrobat (around neck)
 z - a ring of willpower (left claw)
 E - a +6 ring of strength (right claw)
Talismans
 c - a beast talisman
 d - a flux talisman
 g - a serpent talisman
 h - a talisman of death
 I - a blade talisman
Wands
 o - a wand of paralysis (34)
 w - a wand of polymorph (9)
 D - a wand of iceblast (12)
Scrolls
 f - 7 scrolls of revelation
 r - a scroll of vulnerability
 s - a scroll of blinking
 u - a scroll of torment
 C - a scroll of fear
 F - 3 scrolls of poison
 H - a scroll of teleportation
Potions
 b - 2 potions of lignification
 e - 4 potions of might
 i - 5 potions of brilliance
 j - 4 potions of invisibility
 k - 7 potions of curing
 n - 2 potions of cancellation
 p - 2 potions of haste
 v - a potion of attraction
 x - 2 potions of magic {unknown}
 B - 4 potions of heal wounds {unknown}
 G - a potion of ambrosia {unknown}
Miscellaneous
 A - a lightning rod (4/4)


   Skills:
 - Level 7.9 Fighting
 + Level 0.0 Staves
 - Level 1.5 Dodging
 - Level 9.9 Unarmed Combat
 - Level 9.1 Shapeshifting


You had 9 spell levels left.
You didn't know any spells.
Your spell library contained the following spells:

 Spells                   Type           Power      Damage    Failure   Level
 Slow                     Hex            0%         N/A       45%         1
 Sting                    Tmut/Pois      0%         1d3       45%         1
 Cigotuvi's Dreadful Rot  Necr/Pois/Air  0%         N/A       58%         2
 Poisonous Vapours        Pois/Air       0%         N/A       58%         2
 Confusing Touch          Hex            0%         N/A       83%         3
 Frozen Ramparts          Ice            0%         1d1       83%         3
 Ignite Poison            Fire/Tmut/Pois 0%         N/A       83%         3
 Sigil of Binding         Hex            0%         N/A       83%         3
 Vampiric Draining        Necr           0%         2d6       83%         3
 Olgreb's Toxic Radiance  Pois           0%         N/A       99%         4
 Petrify                  Tmut/Erth      0%         N/A       99%         4
 Freezing Cloud           Conj/Ice/Air   0%         6-21      100%        5
 Iskenderun's Battlesphe  Conj           0%         2d6       100%        5
 Metabolic Englaciation   Hex/Ice        0%         N/A       100%        5
 Bombard                  Conj/Erth      0%         9d1       100%        6
 Summon Small Mammal      Summ           Unusable   N/A       N/A         1
 Call Canine Familiar     Summ           Unusable   N/A       N/A         3
 Summon Guardian Golem    Hex/Summ       Unusable   N/A       N/A         3
 Spellforged Servitor     Conj/Summ      Unusable   N/A       N/A         7

Dungeon Overview and Level Annotations

Branches:
Dungeon (10/15)            Temple (1/1) D:5          Bailey (visited)
   Lair: D:8-11         Orc: D:9-12

Altars:
Ashenzari
Cheibriados
Dithmenos
Elyvilon
Fedhas
Gozag
Hepliaklqana
Kikubaaqudgha
Makhleb
Nemelex Xobeh
Okawaru
Qazlal
Ru
Sif Muna
Trog
Uskayaw
Vehumet
Wu Jian
Xom
Yredelemnul
Zin
The Shining One

Shops:
D:4 =:*:[   D:5 [   D:8 ?   D:9 ?

Annotations:
D:4 1 runed translucent door, intricategwyn's ghost, amateur DgSh
D:5 4 runed translucent doors, Crazy Yiuf; javelincjr's ghost, novice MiFi
D:6 3 runed translucent doors, booth's ghost, novice GnSh; ytrimaz's ghost, amateur TrSh


Innate Abilities, Weirdness & Mutations

You are a hulking beast.
Your limbs bulge with bestial killing power. (Slay +4)
You are too large for most types of armour.
You have claws for hands.
Your natural rate of healing is unusually fast.
You are covered in fur. (AC +1)
You have tough skin. (AC +1)


Message History

You hit the acid dragon.
The acid dragon is lightly wounded.
The acid dragon bites you! The acid dragon claws you.
You hit the acid dragon.
The acid dragon is moderately wounded.
The acid dragon bites you! The acid dragon claws you.
The acid dragon closely misses you.
The acid dragon claws you but does no damage.
You closely miss the acid dragon.
The acid dragon is moderately wounded.
The acid dragon bites you! The acid dragon closely misses you.
You closely miss the acid dragon.
The acid dragon is moderately wounded.
The wyvern bites you! The wyvern barely misses you. The acid dragon bites you.
The acid dragon closely misses you.
You are too injured to fight recklessly!
You are too injured to fight recklessly!
You hit the acid dragon.
The acid dragon is heavily wounded.
The wyvern bites you! The acid dragon barely misses you.
The acid dragon claws you.
* * * LOW HITPOINT WARNING * * *
The wyvern closely misses you.
Unknown command.
You hit the acid dragon.
The acid dragon is heavily wounded.
The wyvern bites you!
* * * LOW HITPOINT WARNING * * *
The acid dragon bites you!
* * * LOW HITPOINT WARNING * * *
The acid dragon claws you but does no damage.
The wyvern bites you.
* * * LOW HITPOINT WARNING * * *
The wyvern closely misses you. The wyvern attacks as it pursues you!
The wyvern misses you. The wyvern completely misses you.
You are no longer corroded.
The acid dragon spits acid at you. The splash of acid hits you!!
You die...

#.......# #.......#
##.......#
.........#
.........#
.........# .......#
###....lD# .......#
#......# .......#
#..##h.# .......#
#..##..# .......#
#..##..# .......#
#..##..# .......#
#..##..# .......#
#..##..# .......#
#..##..# .......#
#..##.?#
.......#####..##..#


You could see a wyvern and an acid dragon (catching breath).

Vanquished Creatures
  An orc warlord (Bailey)
  A wyvern (D:9)
  5 yaks (D:9)
  2 steam dragons (D:7)
  An ice beast (D:7)
  7 orc warriors
  2 black bears
  2 sky beasts
  3 ogres
  3 centaurs
  A phantom (D:5)
  4 kobold brigands
  3 bullfrogs
  2 scorpions
  17 killer bees
  An electric eel (D:7)
  5 howler monkeys
  4 hounds
  6 orc priests
  6 iguanas
  4 jellies
  6 orc wizards
  19 gnolls (D:5)
  7 adders
  4 white imps
  2 worms
  50 orcs
  5 endoplasms
  A giant cockroach (D:1)
  10 goblins
  11 hobgoblins
  9 jackals (D:5)
  2 quokkas (D:1)
  5 ball pythons
  6 bats
  3 frilled lizards
  29 kobolds
  A rat (D:3)
250 creatures vanquished.

Vanquished Creatures (others)
  3 kobolds (D:8)
3 creatures vanquished.

Grand Total: 253 creatures vanquished

Notes
Turn   | Place    | Note
-------+----------+-------------------------------------------
     0 | D:1      | DocClef the Troll Shapeshifter began the quest for the Orb.
     0 | D:1      | Reached XP level 1. HP: 18/18 MP: 0/0
   129 | D:1      | Reached skill level 1 in Fighting
   326 | D:1      | Reached XP level 2. HP: 27/27 MP: 1/1
   851 | D:2      | Reached XP level 3. HP: 25/33 MP: 2/2
   895 | D:2      | Found a bloodstained altar of Trog.
   981 | D:2      | Found a faded altar of an unknown god.
  1444 | D:3      | Reached XP level 4. HP: 35/42 MP: 3/3
  2376 | D:4      | Found Ferasmio's Assorted Antiques.
  2404 | D:4      | Found Yper's Jewellery Boutique.
  2410 | D:4      | Reached XP level 5. HP: 49/49 MP: 4/4
  2470 | D:4      | Found Koitwont's Book Boutique.
  2529 | D:4      | Found Fuwnox's Armour Emporium.
  2548 | D:4      | Found Xechenegh's Book Boutique.
  2572 | D:4      | Found a runed translucent door.
  2574 | D:4      | Noticed intricategwyn's ghost (amateur DgSh)
  2884 | D:5      | Entered Level 5 of the Dungeon
  2888 | D:5      | Noticed a phantom
  2892 | D:5      | Killed a phantom
  2893 | D:5      | Reached XP level 6. HP: 59/59 MP: 5/5
  2983 | D:5      | Found a runed translucent gate.
  2984 | D:5      | Found a runed translucent gate.
  2984 | D:5      | Found a runed translucent gate.
  2990 | D:5      | Reached skill level 5 in Unarmed Combat
  3023 | D:5      | Found a glowing silver altar of Zin.
  3053 | D:5      | Reached skill level 5 in Shapeshifting
  3053 | D:5      | Reached XP level 7. HP: 26/67 MP: 6/6
  3250 | D:5      | Found a runed translucent door.
  3251 | D:5      | Noticed Crazy Yiuf
  3329 | D:5      | Noticed javelincjr's ghost (novice MiFi)
  3342 | D:5      | Found a staircase to the Ecumenical Temple.
  3507 | Temple   | Entered the Ecumenical Temple
  3538 | Temple   | Became a worshipper of Warmaster Okawaru
  3592 | D:5      | Found Xurchuved's Antique Armour Emporium.
  3926 | D:5      | Identified the +5 long sword "Beastbane" {drain, *Noise rN+
                  | MP+9}
  3956 | D:5      | Reached * piety under Okawaru
  3973 | D:5      | Reached XP level 8. HP: 46/79 MP: 7/7
  4521 | D:6      | Found a runed translucent gate.
  4524 | D:6      | Found a runed translucent gate.
  4566 | D:6      | Reached skill level 5 in Fighting
  4653 | D:6      | Found a runed translucent gate.
  4657 | D:6      | Noticed ytrimaz's ghost (amateur TrSh)
  4657 | D:6      | Noticed booth's ghost (novice GnSh)
  4868 | D:7      | Identified a scroll of acquirement
  4868 | D:7      | Acquired 929 gold pieces
  4893 | D:7      | Reached ** piety under Okawaru
  4909 | D:7      | Found a flagged portal.
  4926 | Bailey   | Entered a bailey
  4931 | Bailey   | Noticed an orc warlord
  5027 | Bailey   | Found a runed translucent gate.
  5029 | Bailey   | Found a runed translucent gate.
  5032 | Bailey   | Found a runed translucent gate.
  5066 | Bailey   | Reached XP level 9. HP: 60/89 MP: 8/8
  5229 | Bailey   | Killed an orc warlord
  5229 | Bailey   | Reached *** piety under Okawaru
  5260 | Bailey   | Acquired 1255 gold pieces
  5305 | D:7      | Found a basalt altar of Yredelemnul.
  5334 | D:7      | Identified the +1 dagger of Defiance {heavy, rF++ Will+
                  | MP+9 Str-3}
  5782 | D:7      | Reached **** piety under Okawaru
  5783 | D:7      | Reached XP level 10. HP: 72/102 MP: 9/9
  6017 | D:8      | Found Umeopnut's Magic Scroll Shoppe.
  6020 | D:8      | Bought a scroll of fear for 56 gold pieces
  6056 | D:8      | HP: 5/102 [orc wizard/+0 dagger (1)]
  6480 | D:8      | Found a stormy altar of Qazlal.
  7083 | D:9      | Reached ***** piety under Okawaru
  7247 | D:9      | Found an opulent altar of Gozag.
  7384 | D:9      | Found Nuilus's Magic Scroll Shoppe.
  7394 | D:9      | Bought a scroll of teleportation for 45 gold pieces
  7394 | D:9      | Bought a scroll of poison for 60 gold pieces
  7394 | D:9      | Bought a scroll of identify for 30 gold pieces
  7482 | D:10     | Entered Level 10 of the Dungeon
  7499 | D:10     | Acquired the +3 Elemental Staff {ele, rElec rF+ rC+ AC+3}
  7499 | D:10     | Found the +3 Elemental Staff {ele, rElec rF+ rC+ AC+3}
  7541 | D:10     | Killed from afar by an acid dragon

Illustrated notes

Levels and vault maps discovered:
D:1:      minmay_arrival_stair_chambers, layout_basic, minmay_cut_off
D:2:      layout_rooms, serial_aquarium, aquarium_bridge_island_small
          [aquarium_subvault_small_open, aquarium_subvault_bridge,
          aquarium_subvault_bridge, aquarium_subvault_wall,
          aquarium_subvault_wall], aquarium_bridge_square
          [aquarium_subvault_window, aquarium_subvault_window,
          aquarium_subvault_wall, aquarium_subvault_bridge], aquarium_window_1,
          aquarium_window_2, aquarium_window_1, aquarium_window_1,
          aquarium_view_2d, aquarium_view_2d, aquarium_balcony_double_4,
          basic_altar, nicolae_ecumenical_lake_church, amethyst_killhole,
          hangedman_abyss_or_decor_stabs
D:3:      layout_basic
D:4:      layout_rooms, ebering_ghost_reflecting_pool, serial_shops,
          nicolae_shop_competitors_out_of_business,
          nicolae_shop_gibbet_a_chance, shop, shop, nicolae_shop_crystal,
          bh_walls_and_bars
D:5:      lemuel_castle_with_subvaults [lemuel_castle_interior_carwin_1],
          layout_loops_cross, zin_academy, minmay_temple_entry_offerings,
          gammafunk_ghost_icy, serial_shops, shop, uniq_crazy_yiuf_cottage
D:6:      layout_cave_pools, gammafunk_ghost_cemetery
D:7:      layout_basic, lemuel_round_altar, enter_bailey_5, lightli_minifort
D:8:      layout_cave_pools, nicolae_qazlal_style_of_elements,
          nicolae_stop_n_shop_2, chequers_serial_rivers_small_3,
          lemuel_flamethrower_2
D:9:      layout_basic, mainiacjoe_overflow_six_doors_small, serial_shops, shop
D:10:     layout_long_grid, serial_shops, nicolae_shop_peninsula
Temple:   dpeg_five_rooms_temple

Skill      XL: |  1  2  3  4  5  6  7  8  9 10 |
---------------+-------------------------------+-----
Fighting       | 1 2 3 4 5 7 |  7.9
Unarmed Combat | 4 5 6 7 8 9 |  9.9
Shapeshifting  | 4 5 6 8 9 |  9.1
Dodging        | |  1.5

Action                     |  1- 3 |  4- 6 |  7- 9 | 10-12 || total
---------------------------+-------+-------+-------+-------++-------
  Melee: Unarmed           |    80 |    87 |   313 |   164 ||   644
         Punch             |     2 |     1 |    13 |     3 ||    19
         Staff             |       |       |       |     7 ||     7
 Invoke: Heroism           |       |       |     2 |       ||     2
  Evoke: Wand              |       |       |     6 |       ||     6
    Use: Scroll            |       |       |    16 |     5 ||    21
   Stab: Sleeping          |     1 |       |       |       ||     1
         Paralysed         |       |       |     4 |       ||     4
 Armour: Animal skin       |    57 |    46 |   184 |   168 ||   455
  Dodge: Dodged            |    34 |    31 |   156 |   126 ||   347

Table legend: (Time is in decaauts)
 A = Elapsed time spent in this place.
 B = Non-inter-level travel time spent in this place.
 C = Inter-level travel time spent in this place.
 D = Time resting spent in this place.
 E = Time spent auto-exploring this place.
 F = Levels seen in this place.
 G = Mean time per level.
                   A        B        C        D        E       F      G
               +--------+--------+--------+--------+--------+-----+--------+
         Total |   7459 |   6997 |    462 |    320 |   4964 |  12 |  621.6 |
       Dungeon |   7071 |   6667 |    404 |    296 |   4960 |  10 |  707.1 |
        Temple |     60 |      2 |     58 |      0 |      0 |   1 |   60.0 |
        Bailey |    327 |    327 |      0 |     24 |      4 |   1 |  327.0 |
               +--------+--------+--------+--------+--------+-----+--------+

Top non-repeatable levels by time:
     D:5: 1399 daAuts
     D:7: 1032 daAuts
     D:3: 1012 daAuts
     D:1: 682 daAuts
     D:2: 672 daAuts
     D:9: 614 daAuts
     D:8: 611 daAuts
     D:4: 505 daAuts
     D:6: 481 daAuts
  Bailey: 327 daAuts
  Temple: 60 daAuts
    D:10: 59 daAuts
